[Event "*** Titled Tuesday Blitz"]
[Site "Chess.com"]
[Date "2020.04.07"]
[Round "7"]
[White "ahkashefi2800"]
[Black "GMBenjaminFinegold"]
[Result "0-1"]
[WhiteElo "2231"]
[BlackElo "2568"]
[TimeControl "180+1"]
[EndTime "14:18:48 PDT"]
[Termination "GMBenjaminFinegold won on time"]

1. d4 Nf6 2. Nf3 g6 3. Bf4 Bg7 4. e3 d6 5. Be2 O-O 6. h3 b6 7.
O-O Bb7 8. a4 a5 9. c4 Nbd7 10.
Nc3 Ne4 11. Nxe4 Bxe4 12. Nd2 Bb7 13. Bf3 c6 14. b3 e5 15. dxe5 Nxe5 16. Rb1 Qe7 17.
Qc2 Rad8 18. Rfd1 Rfe8 19. Bxe5 Bxe5 20. Nf1 d5 21. cxd5 cxd5 22. Rbc1 Bb8 23. g3 h5 24. Bg2 h4 25. g4 Qe5 26. Qc3 Qd6 27. Qd4 Ba6 28. g5 Bxf1 29. Kxf1 Qh2 30. Qxh4 Qe5 31. Rc2 d4 32. Rxd4 Rxd4 33. Qxd4 Qxg5 34.
Qxb6 Qf5 35. Rc5 Qb1+ 36. Ke2 Qb2+ 37. Kf1 Be5 38. Rd5 Qb1+ 39. Ke2 Bc3 40. Rd1 Qc2+ 41. Kf3 Qxd1+ 42. Kg3 Be5+ 43. f4 Bd6 44. Bf3 Qe1+ 45. Kg4 Qg1+ 0-1

[Event "*** Titled Tuesday Blitz"]
[Site "Chess.com"]
[Date "2020.04.07"]
[Round "7"]
[White "PenguinPacks"]
[Black "Bathory44"]
[Result "0-1"]
[WhiteElo "2378"]
[BlackElo "2553"]
[TimeControl "180+1"]
[EndTime "14:18:48 PDT"]
[Termination "Bathory44 won by resignation"]

1. e4 e6 2. Nc3 d5 3. d4 Nf6 4. e5 Nfd7 5. f4 c5 6. Nf3 Nc6 7. Be3 Be7 8. Qd2 O-O 9. Nd1 a6 10. c3 b5 11. Bd3 b4 12. O-O bxc3 13. bxc3 a5 14. f5 exf5 15. Bxf5 Nb6 16. Qc2 Bxf5 17. Qxf5 Nc4 18. Bf2 Qc8 19. Qh5 Qe6 20. Ne3 Nxe3 21. Bxe3 cxd4 22. cxd4 Rab8 23. Ne1 Qg6 24. Qxg6 hxg6 25.
Nd3 Nb4 26. Nf4 g5 27. Nh3 Nc2 28. Rae1 Nxe3 29. Rxe3 Rb2 30. a3 Rd2 31. Rf5 g6 32. Rf1 Rxd4 33. e6 Ra4 34. exf7+ Rxf7 35. Rxf7 Kxf7 36.
Re5 g4 37. Nf4 Rxf4 38. Rxd5 a4 39. g3 Rf3 40. Kg2 Rxa3 41. Rd2 Rb3 0-1

[Event "*** Titled Tuesday Blitz"]
[Site "Chess.com"]
[Date "2020.04.07"]
[Round "7"]
[White "poliplaza"]
[Black "GreatDamnedRedSpot"]
[Result "1-0"]
[WhiteElo "2370"]
[BlackElo "2299"]
[TimeControl "180+1"]
[EndTime "14:18:48 PDT"]
[Termination "poliplaza won by checkmate"]

1. d4 e6 2. c4 d5 3. Nc3 c6 4.
Nf3 Nd7 5. e3 Ngf6 6. Qc2 Be7 7.
g4 h6 8. Rg1 dxc4 9. Bxc4 b5 10. Bb3 Bb7 11. g5 hxg5 12. Nxg5 Nf8 13. Bd2 Rxh2 14. O-O-O Rxf2 15. Nce4 Nxe4 16. Nxe4 Rf5 17. Rxg7 Qd7 18. Ba5 Rc8 19. Nc5 Bxc5 20. dxc5 Qe7 21. Kb1 Rxc5 22. Qd2 Rg5 23. Rxg5 Qxg5 24. Qd6 Qe7 25.
Qf4 c5 26. Rg1 c4 27. Bc2 f5 28. Bc3 Kd7 29. Rg7 Ke8 30. Rxe7+ Kxe7 31. Qg5+ Kd7 32. Qg7+ Kc6 33. e4 Nd7 34. exf5 e5 35. Be4+ Kc7 36.
Bxb7 Rg8 37. Qxg8 Kxb7 38. Qf7 Kc7 39. Bxe5+ Kc6 40. Qe6+ Kc5 41. Qd6# 1-0

[Event "*** Titled Tuesday Blitz"]
[Site "Chess.com"]
[Date "2020.04.07"]
[Round "7"]
[White "MusicCityMaster"]
[Black "letantha"]
[Result "0-1"]
[WhiteElo "2302"]
[BlackElo "2148"]
[TimeControl "180+1"]
[EndTime "14:18:48 PDT"]
[Termination "letantha won by resignation"]

1. d4 Nf6 2. c4 e6 3. Nc3 Bb4 4. Qc2 Nc6 5. Nf3 d6 6. a3 Bxc3+ 7. Qxc3 a5 8. Bg5 h6 9. Bh4 g5 10. Bg3 Ne4 11. Qd3 f5 12. e3 O-O 13. Be2 Qf6 14.
O-O-O a4 15. Kb1 Na5 16. Ne1 Nb3 17. f3 Nxg3 18. hxg3 Bd7 19. Nc2 Kg7 20. Rh2 Rh8 21. Rdh1 Be8 22. f4 g4 23. Bd1 Bf7 24. Nb4 c5 25.
Na2 cxd4 26. Bxb3 axb3 27. Qxb3 dxe3 28. Qxe3 Rac8 29. Rc1 e5 30. Rhh1 e4 31. Qb3 b5 32.
Nb4 Rxc4 33. Rxc4 Bxc4 34. Qe3 Be6 35. Nc6 Rc8 36. Nd4 Bc4 37. Rh5 Bd3+ 38. Ka1 Rc5 39. b4 Rc4 40. Rxf5 Qxd4+ 41. Qxd4+ Rxd4 42. Kb2 e3 43.
Kc3 Bxf5 44. Kxd4 e2 0-1

[Event "*** Titled Tuesday Blitz"]
[Site "Chess.com"]
[Date "2020.04.07"]
[Round "7"]
[White "dmvlad"]
[Black "hamelekh"]
[Result "0-1"]
[WhiteElo "2303"]
[BlackElo "2782"]
[TimeControl "180+1"]
[EndTime "14:18:49 PDT"]
[Termination "hamelekh won on time"]

1. e4 e6 2. d4 d5 3. Nc3 h6 4. exd5 exd5 5. Qf3 c6 6. Bd3 Bd6 7. Nge2 Nf6 8. Bf4 O-O 9. O-O Bxf4 10. Qxf4 Re8 11. Rfe1 Nbd7 12. Ng3 Nf8 13. Re3 Rxe3 14. Qxe3 Be6 15. Re1 Qb6 16. b3 Re8 17. Nce2 Qa5 18. Ra1 Bg4 19. Qc1 Bxe2 20. Nxe2 Ne6 21. c3 Ng5 22. Qc2 Qc7 23. Ng3 Re6 24. Kf1 Qf4 25. Re1 Rxe1+ 26. Kxe1 Ng4 27. h3 Nf6 28.
Qd2 Qxd2+ 29. Kxd2 Ne6 30. Ke3 g6 31. f4 Ng7 32.
Ne2 Nfe8 33. Ng1 Nd6 34. g4 f5 35. Nf3 h5 36. g5 Nf7 37. c4 Ne6 38. cxd5 cxd5 39. Bb5 Nc7 40. Bd7 Nd6 41. Ne5 Kg7 42. Nf3 Ne4 0-1

[Event "*** Titled Tuesday Blitz"]
[Site "Chess.com"]
[Date "2020.04.07"]
[Round "7"]
[White "KarstenHansch"]
[Black "StarkAst"]
[Result "1-0"]
[WhiteElo "2448"]
[BlackElo "2583"]
[TimeControl "180+1"]
[EndTime "14:18:50 PDT"]
[Termination "KarstenHansch won by checkmate"]

1. e4 e6 2. d4 d5 3. exd5 exd5 4. Nf3 Nc6 5. Bb5 Bd6 6. c4 dxc4 7. d5 a6 8. Ba4 b5 9. dxc6 bxa4 10. O-O Ne7 11. Nbd2 c3 12. Ne4 O-O 13. Nxd6 Qxd6 14. Qxd6 cxd6 15.
Nd4 cxb2 16. Bxb2 Be6 17. Ba3 Rfc8 18. Rac1 Bxa2 19. Bxd6 Nd5 20. Rc5 Rd8 21. Be5 f6 22. Bg3 Nc3 23. c7 Ne4 24. cxd8=Q+ Rxd8 25. Nc6 Rd2 26. Ra5 Bb3 27. Re1 f5 28. Rxa6 g6 29. f3 Nc3 30. Re7 Rd1+ 31. Be1 Kh8 32. Ra8+ Bg8 33. Ree8 h5 34. Rxg8+ Kh7 35. Rge8 f4 36. Kf2 Nd5 37. Ra7+ Kh6 38. h4 Rc1 39. Rh8# 1-0

[Event "*** Titled Tuesday Blitz"]
[Site "Chess.com"]
[Date "2020.04.07"]
[Round "7"]
[White "Unknown_IM"]
[Black "WPWPWP-2015"]
[Result "1-0"]
[WhiteElo "2595"]
[BlackElo "2395"]
[TimeControl "180+1"]
[EndTime "14:18:50 PDT"]
[Termination "Unknown_IM won on time"]

1. Nf3 Nf6 2. c4 e6 3. g3 b6 4. Bg2 Bb7 5. O-O c5 6. b3 Be7 7. Bb2 O-O 8. e3 d6 9. Qe2 Nbd7 10. Rd1 Re8 11. d3 Qc7 12. Ne1 Rad8 13. f4 d5 14. g4 Nf8 15. g5 N6d7 16. Qg4 d4 17. e4 Bd6 18. Bc1 f5 19. exf5 exf5 20. Qxf5 Ng6 21. Bxb7 Qxb7 22. Qg4 Kh8 23. Ng2 Rf8 24. Rf1 Rde8 25.
Nd2 Re3 26. Ne4 Rxd3 27. Nxd6 Qc6 28. Nf5 Qe6 29. Nfe3 Qe4 30. Nd5 Nde5 31. Qh5 Rf3 32. Bd2 Rxf1+ 33. Rxf1 Nd3 34. f5 Nge5 35. g6 h6 36. f6 Kg8 37. fxg7 Rxf1+ 38. Kxf1 Nf3 39. Nf6+ 1-0

[Event "*** Titled Tuesday Blitz"]
[Site "Chess.com"]
[Date "2020.04.07"]
[Round "7"]
[White "edgarrodrigues"]
[Black "tomsishere"]
[Result "0-1"]
[WhiteElo "2421"]
[BlackElo "2309"]
[TimeControl "180+1"]
[EndTime "14:18:50 PDT"]
[Termination "tomsishere won by resignation"]

1. e4 c5 2. Nf3 e6 3. d4 cxd4 4. Nxd4 Nc6 5. Nb5 d6 6. c4 Nf6 7. N1c3 a6 8. Na3 Be7 9. Be2 O-O 10. O-O b6 11. Be3 Bb7 12. Kh1 Ne5 13. f3 Qc7 14. Na4 Ned7 15. Rc1 Rac8 16. b4 Qb8 17. Qb3 d5 18.
exd5 exd5 19. c5 b5 20. Nc3 Ne5 21. Rfd1 Nc4 22. Nxc4 dxc4 23. Qc2 Rfe8 24. a4 Nh5 25. axb5 Bf6 26. Bd4 Bxd4 27. Rxd4 Qe5 28. Rh4 axb5 29. f4 Nxf4 30. Qxh7+ Kf8 31. Bf1 Ng6 32. Rh3 Qg5 33. Rd1 Rcd8 34. Rxd8 Rxd8 35. Rg3 Qf6 36. Kg1 Qd4+ 37.
Kh1 Qf2 0-1

[Event "*** Titled Tuesday Blitz"]
[Site "Chess.com"]
[Date "2020.04.07"]
[Round "7"]
[White "AliMentor20"]
[Black "Caracternin123"]
[Result "0-1"]
[WhiteElo "2397"]
[BlackElo "2565"]
[TimeControl "180+1"]
[EndTime "14:18:51 PDT"]
[Termination "Caracternin123 won by resignation"]

1. e4 Nf6 2. e5 Nd5 3. d4 d6 4. c4 Nb6 5. exd6 cxd6 6. Nc3 g6 7. Be3 Bg7 8. Rc1 O-O 9. b3 e5 10. dxe5 dxe5 11. Qxd8 Rxd8 12. c5 N6d7 13. Bc4 Nc6 14. Nf3 h6 15. Ne4 Na5 16. Bd5 Nf6 17. Nxf6+ Bxf6 18. Rd1 Kg7 19. Ke2 Nc6 20. Be4 Be6 21. Rd6 Rxd6 22. cxd6 Rd8 23. Rd1 Rd7 24. h3 Bf5 25.
Bxf5 gxf5 26. Bc5 b6 27. Ba3 e4 28. Ne1 Nd4+ 29. Kf1 Nb5 30. Nc2 a6 31. Rd5 Bc3 32. Rxf5 Nxa3 33. Nxa3 Rxd6 34. g4 Rd2 35. Nc4 Rxa2 36.
Nd6 e3 37. Rxf7+ Kg6 38. f4 e2+ 0-1

[Event "*** Titled Tuesday Blitz"]
[Site "Chess.com"]
[Date "2020.04.07"]
[Round "7"]
[White "Zq1"]
[Black "ChessQueen"]
[Result "0-1"]
[WhiteElo "2549"]
[BlackElo "2770"]
[TimeControl "180+1"]
[EndTime "14:18:52 PDT"]
[Termination "ChessQueen won on time"]

1. d4 Nf6 2. c4 e6 3. g3 d5 4. Bg2 dxc4 5. Nf3 Nc6 6. O-O Rb8 7. e3 b5 8. Qe2 Be7 9. a4 a6 10. axb5 axb5 11. Rd1 O-O 12. b3 cxb3 13. Nfd2 Nb4 14. Nxb3 Bb7 15. Bxb7 Rxb7 16. Ba3 Rb6 17. Nc3 Nbd5 18.
Nxd5 Nxd5 19. Bxe7 Qxe7 20. Qc2 b4 21. Qc4 h5 22.
Ra7 Rc8 23. e4 Nc3 24. Re1 h4 25. Kg2 g6 26. Na5 Nb5 27. Rb7 Nd6 28. Qc5 Rxb7 29. Nxb7 Rb8 30. Na5 Rb5 31. Nc6 Qe8 32. Qc1 b3 33. Ne5 b2 34. Qc2 Qa8 35. Qxc7 b1=Q 36. Rxb1 Qxe4+ 37. Kh3 Rxb1 38. Qxd6 Qf5+ 39. g4 Rb3+ 40. f3 Qf4 41. Qd8+ Kg7 42. Qxh4 f6 43. Kg2 fxe5 0-1

[Event "*** Titled Tuesday Blitz"]
[Site "Chess.com"]
[Date "2020.04.07"]
[Round "7"]
[White "tonyq11"]
[Black "josiwales"]
[Result "0-1"]
[WhiteElo "2273"]
[BlackElo "2501"]
[TimeControl "180+1"]
[EndTime "14:18:52 PDT"]
[Termination "josiwales won by resignation"]

1. d4 d5 2. c4 c6 3. Nf3 Nf6 4. e3 Bf5 5. Nc3 e6 6. Bd3 Bxd3 7. Qxd3 Bd6 8. O-O Nbd7 9. b3 O-O 10. Bb2 dxc4 11.
bxc4 Re8 12. e4 e5 13. d5 Nc5 14. Qe2 Qb6 15. Rab1 Qa6 16. Bc1 cxd5 17. exd5 e4 18.
Nd4 Be5 19. Ncb5 Nd3 20. Be3 Rac8 21. f3 Rxc4 22. fxe4 Bxd4 23. Bxd4 Rxe4 24. Qxd3 Rcxd4 25. Qxd4 Rxd4 26. Nxd4 Qd3 27. Rfd1 Qe3+ 28. Kh1 Ne4 29.
Rb2 Nf2+ 30. Rxf2 Qxf2 31. d6 Qf6 32. Nf5 Qd8 33. d7 g6 34. Ne7+ Kf8 35. Nd5 Qxd7 36. h3 f5 37. Nc3 Qc6 38. Ne2 Qc2 39. Rd8+ Ke7 40. Nd4 Qd1+ 0-1

[Event "*** Titled Tuesday Blitz"]
[Site "Chess.com"]
[Date "2020.04.07"]
[Round "7"]
[White "Chessmatus"]
[Black "Skatchkov_V"]
[Result "0-1"]
[WhiteElo "2377"]
[BlackElo "2547"]
[TimeControl "180+1"]
[EndTime "14:18:53 PDT"]
[Termination "Skatchkov_V won by resignation"]

1. d4 Nf6 2. c4 e6 3. g3 d5 4. Nf3 Bb4+ 5. Bd2 Be7 6. Bg2 O-O 7. O-O c6 8. Qc2 Nbd7 9. Rd1 Ne4 10. Bf4 g5 11.
Bc1 f5 12. Nc3 Nd6 13. c5 Ne4 14. Nxe4 fxe4 15. Ne1 e5 16. f3 exd4 17. fxe4 Bxc5 18. Nd3 Bd6 19. exd5 c5 20. Bd2 b6 21. Rf1 Bb7 22. Rxf8+ Qxf8 23. Bxg5 Qf5 24. Qd2 Bxd5 25. Rf1 Qe6 26.
Nf4 Bxf4 27. Bxf4 Bxg2 28. Kxg2 Re8 29. Rf2 Nf6 30. Qd3 Ng4 31. Rf1 Qd5+ 32. Kg1 Ne3 33. Bxe3 Rxe3 34. Qa6 Qd7 35. Qc4+ Kg7 36. Rf2 d3 37. exd3 Re1+ 38. Kg2 Qc6+ 39. Kh3 Qh6+ 40. Kg2 Qc6+ 41. Kh3 Qd7+ 42. Qg4+ Qxg4+ 43. Kxg4 Rd1 44. Re2 Kf7 45. Kf4 Rxd3 46. h4 Rd1 47. g4 Ra1 48. a3 Rf1+ 49. Kg5 Rf6 50. Rd2 Kg7 51. Rd7+ Rf7 52.
Rd2 Re7 53. h5 Re5+ 54. Kf4 Re7 55. g5 Kf7 56. h6 Kg6 57. Rd6+ Kh5 58. Rf6 Re1 59. Rf7 Rf1+ 0-1

[Event "*** Titled Tuesday Blitz"]
[Site "Chess.com"]
[Date "2020.04.07"]
[Round "7"]
[White "amintabatabaei"]
[Black "Gentlejimmy7"]
[Result "0-1"]
[WhiteElo "2790"]
[BlackElo "2625"]
[TimeControl "180+1"]
[EndTime "14:18:54 PDT"]
[Termination "Gentlejimmy7 won by checkmate"]

1. e4 c5 2. Nf3 Nc6 3. d4 cxd4 4. Nxd4 Nf6 5. Nc3 e6 6. Ndb5 Bc5 7. Nd6+ Ke7 8. Bf4 e5 9. Nf5+ Kf8 10. Be3 Bb4 11. Nd6 Qe7 12. Nxc8 Rxc8 13. f3 d5 14.
exd5 Nd4 15. Kf2 Nf5 16. Ne4 Nxe4+ 17. fxe4 Qh4+ 18. Kf3 Nxe3 19. Kxe3 Qf4+ 20. Kd3 Qf2 21. c3 Qxb2 22. Rc1 Rxc3+ 23. Rxc3 Qxc3+ 24. Ke2 h5 25. Qd3 Qe1+ 26. Kf3 Rh6 27. g3 Rf6+ 28. Kg2 Qf2+ 29. Kh3 g5 30. Be2 g4+ 31. Kh4 Qg2 32. Rf1 Qxh2+ 33.
Kg5 Rg6+ 34. Kf5 Bd6 35. Qe3 Kg7 36. a4 Rf6+ 37. Kg5 Rg6+ 38. Kf5 h4 39. Bxg4 hxg3 40.
Rf3 Rf6+ 41. Kg5 Rg6+ 42. Kf5 Rf6+ 43. Kg5 Qh6# 0-1

[Event "*** Titled Tuesday Blitz"]
[Site "Chess.com"]
[Date "2020.04.07"]
[Round "7"]
[White "Lagmantr"]
[Black "INLOVEWITHF"]
[Result "1-0"]
[WhiteElo "2738"]
[BlackElo "2556"]
[TimeControl "180+1"]
[EndTime "14:18:54 PDT"]
[Termination "Lagmantr won on time"]

1. e4 e5 2. Nf3 Nc6 3. Be2 Nf6 4.
Nc3 d5 5. exd5 Nxd5 6. O-O Nxc3 7. bxc3 e4 8. Ne1 Bd6 9. f3 f5 10. fxe4 fxe4 11. Rb1 Qh4 12. g3 Bxg3 13. hxg3 Qxg3+ 14. Ng2 Bh3 15. Rf2 O-O-O 16. Qf1 Rhe8 17. d4 g5 18. Rb3 a5 19. c4 e3 20. Bxe3 Rxe3 21.
Rxe3 Qxe3 22. Nxe3 Bxf1 23. Bxf1 Nxd4 24. c3 Nc6 25.
Nd5 Ne5 26. Rf5 Re8 27. Nf6 Rf8 28. Rxe5 Rxf6 29. Rxg5 b6 30. c5 bxc5 31. Rxc5 a4 32. Ra5 Rf3 33. Ra8+ Kd7 34. Rxa4 Rxc3 35. Rh4 Kc6 36.
Rxh7 Kb6 37. Rh3 Rc1 38. Rb3+ Kc5 39. Rb2 Kd4 40. a4 1-0

[Event "*** Titled Tuesday Blitz"]
[Site "Chess.com"]
[Date "2020.04.07"]
[Round "7"]
[White "talman67"]
[Black "Nikolakis2014"]
[Result "0-1"]
[WhiteElo "2533"]
[BlackElo "2704"]
[TimeControl "180+1"]
[EndTime "14:18:55 PDT"]
[Termination "Nikolakis2014 won on time"]

1. e4 c5 2. Nf3 Nc6 3. d4 cxd4 4. Nxd4 e5 5. Nb5 d6 6. N1c3 a6 7. Na3 Be6 8. Nc4 b5 9. Ne3 Nf6 10. Bd3 Be7 11. O-O O-O 12. a4 b4 13. Ncd5 a5 14.
Nxf6+ Bxf6 15. Bc4 Rc8 16. c3 Bg5 17. Nd5 Bxc1 18.
Rxc1 bxc3 19. bxc3 Ne7 20. Qd3 Bxd5 21. Bxd5 Nxd5 22.
Qxd5 Rc5 23. Qd3 Qc7 24. Rfd1 Rd8 25. c4 g6 26. g3 Qc6 27. Qb3 Rc8 28. Rd5 Rxc4 29.
Rxc4 Qxc4 30. Qxc4 Rxc4 31. Rxa5 Rxe4 32. Rd5 Rxa4 33.
Rxd6 g5 34. h3 Kg7 35. g4 h5 36. f3 hxg4 37. hxg4 Rf4 38. Kg2 e4 39. fxe4 Rxg4+ 40. Kf3 Rf4+ 41. Ke3 Rf1 42. Rd5 Kg6 43. Rd8 g4 44. Ke2 Rf4 45. Ke3 Rf3+ 46. Ke2 Kg5 47. Rg8+ Kf4 48. Rg7 f6 49. Rg6 Kg3 50. Rg8 Kh3 51.
Rh8+ Kg2 52. Rg8 g3 0-1

[Event "*** Titled Tuesday Blitz"]
[Site "Chess.com"]
[Date "2020.04.07"]
[Round "7"]
[White "UmutErdemGunduz"]
[Black "Mazetovic"]
[Result "0-1"]
[WhiteElo "2410"]
[BlackElo "2605"]
[TimeControl "180+1"]
[EndTime "14:18:55 PDT"]
[Termination "Mazetovic won by checkmate"]

1. e4 c5 2. Nf3 Nc6 3. d4 cxd4 4. Nxd4 g6 5. Nc3 Bg7 6. Be3 Nf6 7. Bc4 Qa5 8. O-O O-O 9. Nb3 Qc7 10. Bg5 a6 11.
Bxf6 exf6 12. Nd5 Qd8 13. c3 b5 14. Bd3 d6 15. a4 bxa4 16. Rxa4 f5 17. exf5 Ne5 18.
fxg6 hxg6 19. Be4 Bb7 20. Rb4 Bxd5 21. Qxd5 Rb8 22. Rxb8 Qxb8 23. h3 Kh7 24. f4 Qb6+ 25.
Kh2 Nd7 26. f5 Nf6 27. fxg6+ fxg6 28. Qc6 Qxb3 29. Bf3 Qe6 30. Rd1 Qe5+ 31. Kh1 Nh5 32. Rxd6 Ng3+ 33. Kg1 Qe1+ 34. Kh2 Nf1+ 35. Kg1 Ne3+ 36.
Kh2 Be5+ 37. g3 Bxg3# 0-1

[Event "*** Titled Tuesday Blitz"]
[Site "Chess.com"]
[Date "2020.04.07"]
[Round "7"]
[White "Olga_Girya"]
[Black "imdvb6307"]
[Result "1-0"]
[WhiteElo "2559"]
[BlackElo "2388"]
[TimeControl "180+1"]
[EndTime "14:18:55 PDT"]
[Termination "Olga_Girya won on time"]

1. d4 d5 2. c4 c6 3. Nf3 Nf6 4. Nc3 e6 5. Bg5 Nbd7 6. cxd5 exd5 7. e3 Qa5 8. Bd3 Ne4 9. O-O Nxg5 10. Nxg5 Be7 11.
Qh5 Bxg5 12. Qxg5 O-O 13. e4 h6 14. Qg3 Nf6 15. e5 Ne8 16. Rad1 Qb6 17. Rd2 Qc7 18. f4 f5 19. exf6 Nxf6 20. Qg6 Qf7 21. Re1 Bg4 22. h3 Bh5 23. Qxf7+ Bxf7 24. Rde2 Rfe8 25. Re7 Kf8 26. Rxe8+ Rxe8 27. Rxe8+ Nxe8 28. Kf2 Nd6 29. g4 b6 30. b4 b5 31. Ke3 Be6 32. f5 Bd7 33. Kf4 Ke7 34. h4 Nb7 35. g5 hxg5+ 36. hxg5 a5 37. a3 axb4 38. axb4 Nd6 39. Ne2 Nf7 40.
Ng3 Bc8 41. Nh5 Kf8 42. g6 Nh6 43. f6 gxf6 44. Nxf6 Ng8 45. Nxg8 Kxg8 46. Ke5 Kg7 47. Kd6 Bg4 48. Kxc6 Bf3 49. Kxb5 1-0

[Event "*** Titled Tuesday Blitz"]
[Site "Chess.com"]
[Date "2020.04.07"]
[Round "7"]
[White "norwaytoadog"]
[Black "Sesleria"]
[Result "0-1"]
[WhiteElo "2265"]
[BlackElo "1990"]
[TimeControl "180+1"]
[EndTime "14:18:56 PDT"]
[Termination "Sesleria won on time"]

1. e4 c5 2. Nf3 e6 3. d4 cxd4 4. Nxd4 Nc6 5. Nc3 Qc7 6. g3 a6 7.
Bg2 Nf6 8. O-O Nxd4 9. Qxd4 Bc5 10. Bf4 d6 11. Qd2 Nd7 12. a3 e5 13. Nd5 Qd8 14. Bg5 f6 15. Be3 O-O 16. Rad1 Bxe3 17. Nxe3 Qb6 18. Qxd6 Qxb2 19. Bh3 Nb6 20. Rb1 Qc3 21.
Rxb6 Bxh3 22. Rd1 Rfd8 23. Qxd8+ Rxd8 24. Rxd8+ Kf7 25. Rxb7+ Kg6 26. Rd1 Qxa3 27. Nd5 Qf3 28. Ne3 Qxe4 29. Ra7 Bg4 30. Nxg4 Qxg4 31. Ra1 Qc4 32.
R7xa6 Qxc2 33. Ra7 e4 34. R1a2 Qc1+ 35. Kg2 e3 36.
R7a3 e2 37. Rxe2 Qc6+ 38. f3 Qc4 0-1

[Event "*** Titled Tuesday Blitz"]
[Site "Chess.com"]
[Date "2020.04.07"]
[Round "7"]
[White "Gajuchess"]
[Black "AlleyOoper"]
[Result "1-0"]
[WhiteElo "2686"]
[BlackElo "2505"]
[TimeControl "180+1"]
[EndTime "14:18:58 PDT"]
[Termination "Gajuchess won on time"]

1. d4 Nf6 2. c4 c5 3. d5 d6 4. Nc3 g6 5. e4 Bg7 6. Bd3 O-O 7. h3 e6 8. Nf3 Nbd7 9. O-O e5 10.
a3 h6 11. b4 b6 12. Bc2 Nh7 13. Ba4 f5 14. Bc6 Rb8 15. Qa4 a6 16. Rb1 cxb4 17. axb4 Ndf6 18. Nd2 f4 19. Ba3 Ng5 20. f3 Nh5 21. Rf2 Bxh3 22. c5 bxc5 23. bxc5 Rxb1+ 24. Ncxb1 dxc5 25. Nc4 Nxf3+ 26. Rxf3 Bg4 27. Nbd2 Qh4 28. Bxc5 Ng3 29. Bd7 Bxf3 30. Bh3 Ne2+ 31. Kf1 Nc3 32. Qd7 Be2+ 33. Kg1 Qe1+ 34. Kh2 Qg3+ 35. Kh1 Qe1+ 36. Bg1 f3 37. Nxf3 Rxf3 38. gxf3 Bxf3+ 39. Kh2 Ne2 40. Qa7 1-0

[Event "*** Titled Tuesday Blitz"]
[Site "Chess.com"]
[Date "2020.04.07"]
[Round "7"]
[White "WIDBIFS"]
[Black "Korchmar_Vasiliy"]
[Result "0-1"]
[WhiteElo "2775"]
[BlackElo "2624"]
[TimeControl "180+1"]
[EndTime "14:18:59 PDT"]
[Termination "Korchmar_Vasiliy won by resignation"]

1. d4 Nf6 2. Nf3 d5 3. Bf4 c5 4.
e3 Nc6 5. Nbd2 cxd4 6. exd4 Qb6 7. Nb3 Bg4 8. Be2 e6 9. O-O Be7 10. a4 a6 11. a5 Qd8 12. c3 O-O 13. Ne5 Bxe2 14.
Qxe2 Nxe5 15. Bxe5 Nd7 16. Bg3 Re8 17. Nc1 b5 18.
axb6 Qxb6 19. Nd3 a5 20. h4 a4 21. h5 h6 22. Bf4 Qb5 23. Qd2 Nb6 24. Ne5 Nc4 25.
Nxc4 Qxc4 26. Rfe1 Bf8 27. Re3 Re7 28. Rg3 Kh8 29.
Be5 f6 30. Bf4 Rb7 31. Qc2 Qb3 32. Qg6 Qxb2 33. Re1 a3 34. Bxh6 a2 35. Bc1 Qb1 36.
Qg4 a1=Q 37. h6 g5 38. Qxe6 Qg6 39. Rxg5 Qf7 40. Rg8+ Kxg8 41. h7+ Kh8 0-1

[Event "*** Titled Tuesday Blitz"]
[Site "Chess.com"]
[Date "2020.04.07"]
[Round "7"]
[White "donotreadit"]
[Black "nabukatnezarr"]
[Result "0-1"]
[WhiteElo "2726"]
[BlackElo "2576"]
[TimeControl "180+1"]
[EndTime "14:18:59 PDT"]
[Termination "nabukatnezarr won by resignation"]

1. Nf3 c5 2. c4 Nc6 3. b3 g6 4. Bb2 Nf6 5. g3 Bg7 6. Bg2 O-O 7. O-O b6 8. e3 Bb7 9. d4 cxd4 10. Nxd4 Qc8 11.
Nc3 Nxd4 12. Qxd4 Bxg2 13. Kxg2 Qb7+ 14. f3 Rfd8 15. e4 d6 16. Rad1 e6 17. Nb5 Ne8 18.
Qf2 a6 19. Bxg7 Kxg7 20. Qb2+ Kg8 21. Nc3 b5 22. cxb5 axb5 23. Rd2 Nc7 24. Rfd1 b4 25. Ne2 d5 26. Nf4 Rd7 27. Qe5 Rad8 28. h4 Qc6 29.
exd5 Nxd5 30. Nxd5 Rxd5 31. Rxd5 exd5 32. Rd2 h5 33. Qd4 Qc3 34. Kf2 Re8 35. Qxd5 Qe3+ 36. Kg2 Qe1 37. Qd3 Re3 38. Qc2 Rc3 39. Qd1 Qe3 40.
Rd8+ Kh7 41. Qd4 Qxf3+ 42. Kh2 Rc2+ 0-1

[Event "*** Titled Tuesday Blitz"]
[Site "Chess.com"]
[Date "2020.04.07"]
[Round "7"]
[White "Evhen_Taranenko"]
[Black "m-garcett"]
[Result "0-1"]
[WhiteElo "2285"]
[BlackElo "1909"]
[TimeControl "180+1"]
[EndTime "14:18:59 PDT"]
[Termination "m-garcett won on time"]

1. d4 Nf6 2. c4 g6 3. Nc3 Bg7 4. e4 d6 5. Nf3 O-O 6. Bd3 e5 7.
d5 a5 8. O-O Nbd7 9. Be3 Ng4 10. Bd2 Nc5 11. Be2 f5 12. Qc2 f4 13. a3 Bd7 14. b4 axb4 15. axb4 Na6 16. Ra2 Nxb4 17. Rxa8 Nxc2 18. Rxd8 Rxd8 19. Nb1 Nh6 20. Rc1 Nd4 21. Nxd4 exd4 22. Bxf4 Ra8 23. Nd2 Nf7 24. Nf3 Bg4 25. h3 Bxf3 26. Bxf3 Be5 27. Bd2 Ra2 28. Be1 Ng5 29. Bg4 h5 30. Bc8 b6 31. f3 Bf4 32.
Rd1 Be3+ 33. Bf2 Bxf2+ 34. Kf1 Be3 35. Re1 Rc2 0-1

[Event "*** Titled Tuesday Blitz"]
[Site "Chess.com"]
[Date "2020.04.07"]
[Round "7"]
[White "Faqade"]
[Black "Superfelix"]
[Result "0-1"]
[WhiteElo "2599"]
[BlackElo "2508"]
[TimeControl "180+1"]
[EndTime "14:19:00 PDT"]
[Termination "Superfelix won by resignation"]

1. e4 c6 2. Nf3 g6 3. d4 d5 4.
Nbd2 dxe4 5. Nxe4 Nf6 6. Nxf6+ exf6 7. Bc4 Bg7 8. Qe2+ Qe7 9. Qxe7+ Kxe7 10. Bf4 Be6 11.
Bb3 a5 12. c3 a4 13. Bc2 Nd7 14. O-O Nb6 15. Rfe1 Rhe8 16. Nd2 f5 17. Be5 f6 18. Bg3 Bh6 19. f4 Kf7 20. a3 Nd5 21. Rf1 Ne3 22. Rfc1 Bd5 23. Nf1 Nxf1 24. Kxf1 Bc4+ 25.
Kg1 Re2 26. Bd1 Rxb2 27. Rab1 Rxb1 28. Rxb1 b5 29. Bf3 Rc8 30. Ra1 Bf8 31. Be1 Ke6 32. Bd2 Bd5 33. Re1+ Kf7 34. Bc1 Bxf3 35. gxf3 Re8 36.
Rd1 Ke6 37. Re1+ Kd7 38. Rd1 Kd6 39. Kf2 Kd5 40. h4 Kc4 41. h5 Kxc3 42. hxg6 hxg6 43. Rg1 Kc2 44. Be3 Bxa3 45. Rxg6 Re6 46. Rg7 Bb2 47.
Rc7 Kb3 48. d5 cxd5 49. Rc5 b4 50. Rxd5 a3 51. Rd3+ Bc3 0-1

[Event "*** Titled Tuesday Blitz"]
[Site "Chess.com"]
[Date "2020.04.07"]
[Round "7"]
[White "ama18"]
[Black "AlphaZ3r0"]
[Result "1-0"]
[WhiteElo "2445"]
[BlackElo "2251"]
[TimeControl "180+1"]
[EndTime "14:19:00 PDT"]
[Termination "ama18 won by checkmate"]

1. e4 c5 2. Nf3 e6 3. d4 cxd4 4. Nxd4 Nc6 5. Nc3 Qc7 6. g3 a6 7.
Bg2 Nf6 8. O-O h5 9. h3 Nxd4 10. Qxd4 Bc5 11. Bf4 d6 12. Qd2 e5 13. Bg5 Be6 14. Nd5 Bxd5 15. exd5 b5 16. c3 a5 17.
a4 b4 18. cxb4 Bxb4 19. Qd3 Nd7 20. Rac1 Nc5 21. Qe2 Qd7 22. f4 f6 23. Bh4 Qxa4 24. fxe5 dxe5 25. Bxf6 gxf6 26. Rxf6 Nd7 27. Re6+ Kd8 28.
Kh2 h4 29. Qg4 hxg3+ 30. Kh1 Nf8 31. Qg5+ Kd7 32. Qg7+ Kd8 33. Qf6+ Kd7 34. Qf7+ Kd8 35. Qc7# 1-0

[Event "*** Titled Tuesday Blitz"]
[Site "Chess.com"]
[Date "2020.04.07"]
[Round "7"]
[White "Maili15"]
[Black "troisi"]
[Result "0-1"]
[WhiteElo "2272"]
[BlackElo "2080"]
[TimeControl "180+1"]
[EndTime "14:19:00 PDT"]
[Termination "troisi won by checkmate"]

1. d4 Nf6 2. c4 e6 3. Nc3 d5 4. cxd5 exd5 5. Bg5 Be6 6. e3 Nbd7 7. Bd3 a6 8. Nge2 Bd6 9. Ng3 h6 10. Bxf6 Qxf6 11. Qb3 O-O 12. O-O Rab8 13. Rac1 c6 14. Na4 g5 15. Bb1 Qe7 16. a3 f5 17.
Qd3 Rbe8 18. b4 Bxg3 19. hxg3 Nf6 20. Nc5 Bc8 21. a4 h5 22. b5 h4 23. gxh4 gxh4 24.
bxc6 bxc6 25. Nxa6 Qd6 26. f3 Re7 27. Nc5 Rg7 28.
Kh1 Qg3 29. Rc2 Nh5 30. Qe2 h3 31. Qf2 hxg2+ 32. Qxg2 Qh4+ 33. Kg1 Rxg2+ 34. Rxg2+ Kf7 35. e4 f4 36. e5 Ng3 37. Re1 Bh3 38. e6+ Ke7 39.
Rh2 Nf5 40. Ree2 Rg8+ 41. Rhg2 Bxg2 42. Rxg2 Qe1+ 43. Kh2 Rh8# 0-1